 Dungeon Crawl Stone Soup version 0.27-a0-1325-g58a489ad9e (webtiles) character file.

Game seed: 10239377700413511270

1125 kae the Cleaver (level 8, -1/73 HPs)
             Began as a Hill Orc Fighter on June 24, 2021.
             Slain by a troll (6 damage)
             ... on level 5 of the Dungeon.
             The game lasted 00:05:29 (6644 turns).

kae the Cleaver (Hill Orc Fighter)                  Turns: 6644, Time: 00:05:29

Health: -1/73      AC:  6    Str: 21    XL:     8   Next: 35%
Magic:  8/8        EV:  7    Int:  8    God:
Gold:   843        SH:  9    Dex: 10    Spells: 7/7 levels left

rFire    . . .     SeeInvis .   a - +0 war axe
rCold    . . .     Faith    .   c - +0 kite shield
rNeg     . . .     Spirit   .   b - +0 scale mail
rPois    .         Reflect  .   (no helmet)
rElec    .         Harm     .   (no cloak)
rCorr    +         Rampage  .   (no gloves)
Will     .....                  (no boots)
Stlth    ..........             (no amulet)
HPRegen  0.22/turn              k - ring of resist corrosion
MPRegen  0.11/turn              (no ring)

@: no status effects
A: no striking features
a: no special abilities


You were on level 5 of the Dungeon.
You visited 1 branch of the dungeon, and saw 5 of its levels.
You also visited: Sewer.

You collected 843 gold pieces.

Inventory:

Hand Weapons
 a - a +0 war axe (weapon)
Missiles
 f - 7 curare-tipped darts (quivered)
Armour
 b - a +0 scale mail (worn)
 c - a +0 kite shield (worn)
Jewellery
 k - a ring of resist corrosion (left hand)
Wands
 j - a wand of iceblast (4)
Scrolls
 e - 2 scrolls of fog
 g - 8 scrolls of teleportation
 l - a scroll of brand weapon {unknown}
 p - 3 scrolls of identify
 t - a scroll of enchant armour {unknown}
 u - a scroll of vulnerability {unknown}
Potions
 d - 3 potions of might
 h - a potion of heal wounds
 i - a potion of ambrosia
 m - 4 potions of flight
 n - 3 potions of haste
 o - a potion of magic
 q - 2 potions of brilliance
 r - a potion of cancellation
 s - 2 potions of curing


   Skills:
 + Level 7.5 Fighting
 * Level 10.5 Axes
 - Level 3.2 Armour
 - Level 3.2 Shields


You had 7 spell levels left.
You didn't know any spells.
Your spell library contained the following spells:

 Spells                   Type           Power      Damage    Failure   Level
 Animate Skeleton         Necr           0%         N/A       99%         1
 Apportation              Tloc           0%         N/A       99%         1
 Corona                   Hex            0%         N/A       99%         1
 Magic Dart               Conj           0%         1d3       99%         1
 Summon Small Mammal      Summ           0%         N/A       99%         1
 Searing Ray              Conj           0%         3d3       100%        2
 Dazzling Flash           Conj/Hex       0%         N/A       100%        3
 Fulminant Prism          Conj/Hex       0%         3d6       100%        4
 Iskenderun's Mystic Bla  Conj/Tloc      0%         2d3       100%        4


Dungeon Overview and Level Annotations

Branches:
Dungeon (5/15)              Sewer (visited)
 Temple: D:4-7

Altars:
Makhleb
Ru
Wu Jian
Yredelemnul


Message History

You block the troll's attack. The troll closely misses you.
The troll claws you but does no damage.
A troll is nearby!
You closely miss the troll.
The troll is lightly wounded.
The troll bites you. You block the troll's attack. The troll claws you!
You barely miss the troll.
The troll is lightly wounded.
The troll bites you. The troll closely misses you.
The troll claws you but does no damage. The troll bites you but does no damage.
The troll claws you. You block the troll's attack.
A troll is nearby!
You slash the troll!
The troll is heavily wounded.
The troll bites you. You block the troll's attack. The troll claws you.
You are too injured to fight recklessly!
A troll is nearby!
You are too injured to fight recklessly!
You are too injured to fight recklessly!
A troll is nearby!
You are too injured to fight recklessly!
You are too injured to fight recklessly!
A troll is nearby!
You are too injured to fight recklessly!
You are too injured to fight recklessly!
You hit the troll but do no damage.
The troll is heavily wounded.
You block the troll's attack. The troll claws you. The troll claws you!
You hit the troll.
The troll is heavily wounded.
The troll barely misses you. x2; The troll claws you!
* * * LOW HITPOINT WARNING * * *
You slash the troll!
The troll is severely wounded.
You block the troll's attack. x2; The troll claws you!
* * * LOW HITPOINT WARNING * * *
The troll bites you!
* * * LOW HITPOINT WARNING * * *
You block the troll's attack. The troll claws you.
You die...

.≈≈≈≈≈§..###...#....
........####...#..## #
..#...#............. ..
..###....###........ ?..
+....+.......... ....
#....##.........
.....####...............
.........≈≈≈≈≈≈≈≈≈......
.......@≈≈#######≈≈.....
....#.T≈≈## ##≈≈...# ..
#.≈≈## ##≈≈..# #.≈##
##≈..# ...≈ #≈..# ...≈
#≈..# #...≈ #≈..# ###.≈
#≈..# #.≈ # #≈..#


You could see a troll.

Vanquished Creatures
  Sigmund (D:3)
  A sky beast (D:4)
  A black bear (D:4)
  3 bullfrogs
  4 hounds
  2 iguanas (D:5)
  Ijyb (D:2)
  An orc wizard (D:4)
  Natasha (D:2)
  A hound zombie (D:5)
  A hound skeleton (D:4)
  11 adders
  4 gnolls (D:4)
  5 river rats (Sewer)
  An ufetubus (D:5)
  3 dart slugs
  5 orcs
  19 ball pythons
  6 bats
  7 endoplasms
  8 giant cockroaches
  12 goblins
  7 hobgoblins
  3 jackals (D:2)
  7 kobolds
  5 quokkas
  10 frilled lizards
  27 rats
157 creatures vanquished.

Notes
Turn   | Place    | Note
-------+----------+-------------------------------------------
     0 | D:1      | kae the Hill Orc Fighter began the quest for the Orb.
     0 | D:1      | Reached XP level 1. HP: 19/19 MP: 1/1
   140 | D:1      | Reached skill level 3 in Axes
   176 | D:1      | Reached XP level 2. HP: 27/27 MP: 2/2
   430 | D:1      | Reached skill level 4 in Axes
   457 | D:1      | Found a faded altar of an unknown god.
   461 | D:1      | Reached XP level 3. HP: 33/33 MP: 3/3
  1138 | D:2      | Noticed Ijyb
  1156 | D:2      | Killed Ijyb
  1157 | D:2      | Reached skill level 5 in Axes
  1157 | D:2      | Reached XP level 4. HP: 17/41 MP: 4/4
  1531 | D:2      | Noticed Natasha
  1538 | D:2      | Killed Natasha
  1674 | D:2      | Reached XP level 5. HP: 29/47 MP: 5/5
  1674 | D:2      | Identified a scroll of acquirement
  1674 | D:2      | Acquired 702 gold pieces
  2015 | D:3      | Found a glowing drain.
  2042 | Sewer    | Entered a sewer
  2073 | Sewer    | Reached skill level 6 in Axes
  2195 | Sewer    | Reached skill level 5 in Fighting
  2687 | Sewer    | Reached XP level 6. HP: 38/56 MP: 6/6
  3055 | Sewer    | Reached skill level 7 in Axes
  3450 | D:3      | Noticed Sigmund
  3469 | D:3      | Killed Sigmund
  3470 | D:3      | Reached skill level 8 in Axes
  3470 | D:3      | Reached XP level 7. HP: 12/63 MP: 7/7
  4288 | D:3      | Found a burning altar of Makhleb.
  4610 | D:4      | Reached skill level 9 in Axes
  5147 | D:4      | Reached XP level 8. HP: 56/73 MP: 8/8
  5379 | D:4      | Found an ornate altar of the Wu Jian Council.
  5485 | D:4      | Reached skill level 10 in Axes
  6037 | D:5      | Entered Level 5 of the Dungeon
  6410 | D:5      | Found a basalt altar of Yredelemnul.
  6553 | D:5      | Found a sacrificial altar of Ru.
  6634 | D:5      | Noticed a troll
  6644 | D:5      | Slain by a troll

Illustrated notes

Levels and vault maps discovered:
D:1:      minmay_arrival_shattered_statue, layout_loops_ring,
          basic_ecumenical_altar
D:2:      kennysheep_the_goblin_king, layout_rooms, uniq_natasha
D:3:      layout_basic, lightli_temple_of_fire, gup_sewer_entry_pipe,
          minivault_26, uniq_sigmund
D:4:      layout_basic, nicolae_wu_jian_immortal_techniques
D:5:      layout_basic, general_overflow_altar, nicolae_ru_the_path_less_chosen,
          hangedman_feature_mirror, water_maze_lemuel

Skill      XL: |  1  2  3  4  5  6  7  8 |
---------------+-------------------------+-----
Axes           | 3 4 5 6 8 9 10 | 10.5
Fighting       | 4 5 6 7 |  7.5
Armour         | |  3.2
Shields        | |  3.2

Action                   |  1- 3 |  4- 6 |  7- 9 || total
-------------------------+-------+-------+-------++-------
Melee: War axe           |    86 |   175 |   188 ||   449
Evoke: Wand              |       |       |     1 ||     1
  Use: Scroll            |     1 |     3 |    10 ||    14
       Potion            |       |     4 |     1 ||     5
Armor: Scale mail        |    38 |    91 |    79 ||   208
Dodge: Dodged            |    24 |    72 |    69 ||   165
Block: Kite shield       |    56 |   108 |    90 ||   254

Table legend: (Time is in decaauts)
 A = Elapsed time spent in this place.
 B = Non-inter-level travel time spent in this place.
 C = Inter-level travel time spent in this place.
 D = Time resting spent in this place.
 E = Time spent auto-exploring this place.
 F = Levels seen in this place.
 G = Mean time per level.
                   A        B        C        D        E       F      G
               +--------+--------+--------+--------+--------+-----+--------+
         Total |   6877 |   6741 |    136 |    726 |   4900 |   6 | 1146.2 |
       Dungeon |   5522 |   5386 |    136 |    220 |   4350 |   5 | 1104.4 |
         Sewer |   1355 |   1355 |      0 |    506 |    550 |   1 | 1355.0 |
               +--------+--------+--------+--------+--------+-----+--------+

Top non-repeatable levels by time:
     D:4: 1495 daAuts
     D:3: 1392 daAuts
   Sewer: 1355 daAuts
     D:2: 1160 daAuts
     D:1: 857 daAuts
     D:5: 616 daAuts
